 Dungeon Crawl Stone Soup version 0.27-a0-1193-g8631133539 (webtiles) character file.

Game seed: 4974837346982565637

54 freelancePsychic the Poker (level 3, 0/28 HPs)
             Began as a Merfolk Gladiator on May 25, 2021.
             Was a Follower of Uskayaw.
             Slain by Terence
             ... wielding a +0 mace
              (4 damage)
             ... on level 2 of the Dungeon.
             The game lasted 00:02:36 (1834 turns).

freelancePsychic the Poker (Merfolk Gladiator)      Turns: 1834, Time: 00:02:38

Health: 0/28       AC:  9    Str: 15    XL:     3   Next: 91%
Magic:  3/3        EV:  8    Int:  7    God:    Uskayaw [*.....]
Gold:   97         SH:  0    Dex: 15    Spells: 2/2 levels left

rFire    . . .     SeeInvis .   a - +0 trident
rCold    . . .     Faith    .   (no shield)
rNeg     . . .     Spirit   .   h - +0 chain mail
rPois    .         Reflect  .   c - +0 helmet
rElec    .         Harm     .   (no cloak)
rCorr    .         Rampage  .   (no gloves)
Will     .....                  (no boots)
Stlth    ..........             (no amulet)
HPRegen  0.09/turn              (no ring)
MPRegen  0.08/turn              (no ring)

@: no status effects
A: (nimble swimmer 2), mertail
a: Renounce Religion, Stomp


You were on level 2 of the Dungeon.
You worshipped Uskayaw.
Uskayaw was noncommittal.
You visited 1 branch of the dungeon, and saw 2 of its levels.

You collected 97 gold pieces.

Inventory:

Hand Weapons
 a - a +0 trident (weapon)
Missiles
 d - 3 throwing nets (quivered)
Armour
 b - a +0 leather armour
 c - a +0 helmet (worn)
 e - a +0 buckler
 h - a +0 chain mail (worn)
Scrolls
 f - a scroll of enchant weapon {unknown}
 g - a scroll of identify {unknown}


   Skills:
 - Level 2.4 Fighting
 * Level 5.5 Polearms
 - Level 2.0 Throwing
 * Level 5.0 Dodging
 + Level 1.1 Invocations


You had 2 spell levels left.
You didn't know any spells.
Your spell library contained the following spells:

 Spells                   Type           Power      Damage    Failure   Level
 Foxfire                  Conj/Fire      0%         2x1d4     100%        1
 Conjure Flame            Conj/Fire      0%         6-21      100%        3
 Inner Flame              Hex/Fire       0%         N/A       100%        3
 Sticky Flame             Conj/Fire      0%         2d3       100%        4
 Fireball                 Conj/Fire      0%         3d3       100%        5


Dungeon Overview and Level Annotations

Branches:
Dungeon (2/15)

Altars:
Uskayaw

Annotations:
D:2 Terence


Innate Abilities, Weirdness & Mutations

((You are quick and stealthy near water. (Stealth+, EV+, Speed+++)))
Your lower body shifts to a powerful aquatic tail in water.


Message History

Terence hits you with a +0 mace.
You hit Terence but do no damage.
Terence is severely wounded.
Terence hits you with a +0 mace.
You hit Terence but do no damage.
Terence is severely wounded.
Terence hits you but does no damage.
You hit Terence.
Terence is severely wounded.
Terence hits you with a +0 mace.
You completely miss Terence.
Terence is severely wounded.
Terence hits you with a +0 mace.
You completely miss Terence.
Terence is severely wounded.
Terence hits you but does no damage.
You completely miss Terence.
Terence is severely wounded.
Terence hits you with a +0 mace.
Your chain mail prevents you from hitting Terence.
Terence is severely wounded.
Terence shouts, "ATTACK!!!"
Terence closely misses you.
You closely miss Terence.
Terence is severely wounded.
Terence hits you but does no damage.
You hit Terence but do no damage.
Terence is severely wounded.
Terence hits you but does no damage.
You closely miss Terence.
Terence is severely wounded.
Terence hits you with a +0 mace.
You hit Terence.
Terence is severely wounded.
Terence hits you with a +0 mace!
* * * LOW HITPOINT WARNING * * *
You hit Terence but do no damage.
Terence is severely wounded.
Terence hits you with a +0 mace.
You die...

#.....#........###.........
b.....'........# ######+##†
#........# #........
#........# #........
.#####........# #.......#
#....#........# #........
#....#....##### ###.......
#....####@# #.....###.
#....####@#######.....# #.
#....##...............# ##
#.....................#
#.....................#
#...............†.....#
#....##...............#
#....##...............#
#(...##...............#
#....##...............#


You could see Terence.

Vanquished Creatures
  An adder (D:2)
  A dart slug (D:1)
  3 orcs (D:2)
  2 endoplasms (D:1)
  2 goblins (D:2)
  5 hobgoblins
  4 jackals (D:1)
  3 quokkas
  3 ball pythons
  2 bats
  4 frilled lizards
  4 kobolds
  3 rats
37 creatures vanquished.

Notes
Turn   | Place    | Note
-------+----------+-------------------------------------------
     0 | D:1      | freelancePsychic the Merfolk Gladiator began the quest for
                  | the Orb.
     0 | D:1      | Reached XP level 1. HP: 16/16 MP: 1/1
    82 | D:1      | Found a faded altar of an unknown god.
   117 | D:1      | Became a worshipper of Uskayaw the Reveller
   117 | D:1      | Reached * piety under Uskayaw
   157 | D:1      | Reached ** piety under Uskayaw
   161 | D:1      | Reached XP level 2. HP: 11/23 MP: 2/2
   163 | D:1      | Reached *** piety under Uskayaw
   662 | D:1      | Reached skill level 5 in Polearms
  1029 | D:1      | Reached XP level 3. HP: 28/28 MP: 3/3
  1596 | D:2      | Reached skill level 1 in Invocations
  1808 | D:2      | Noticed Terence
  1818 | D:2      | Reached skill level 5 in Dodging
  1834 | D:2      | Slain by Terence

Illustrated notes

Levels and vault maps discovered:
D:1:      dpeg_arrival_round_b, layout_basic,
          shapermc_ecumenical_altar_notcrosses, minivault_26, minmay_circled_x
D:2:      cheibrodos_pilgrimage, layout_basic, uniq_natasha, uniq_terence

Skill      XL: |  1  2  3 |
---------------+----------+-----
Polearms       | 5 |  5.5
Invocations    | 1 |  1.1
Dodging        | 5 |  5.0
Fighting       | |  2.4
Throwing       | |  2.0

Action                   || total
-------------------------++-------
Melee: Trident           ||   133
 Stab: Sleeping          ||     2
       Paralysed         ||     1
Armor: Leather armour    ||    23
       Chain mail        ||    10
Dodge: Dodged            ||    67

Table legend: (Time is in decaauts)
 A = Elapsed time spent in this place.
 B = Non-inter-level travel time spent in this place.
 C = Inter-level travel time spent in this place.
 D = Time resting spent in this place.
 E = Time spent auto-exploring this place.
 F = Levels seen in this place.
 G = Mean time per level.
                   A        B        C        D        E       F      G
               +--------+--------+--------+--------+--------+-----+--------+
         Total |   1839 |   1805 |     34 |    289 |   1250 |   2 |  919.5 |
       Dungeon |   1839 |   1805 |     34 |    289 |   1250 |   2 |  919.5 |
               +--------+--------+--------+--------+--------+-----+--------+

Top non-repeatable levels by time:
     D:1: 1341 daAuts
     D:2: 497 daAuts
